 Dungeon Crawl Stone Soup version 0.27-a0-1105-g946c659c87 (webtiles) character file.

Game seed: 3626097700527943966

954 flotson the Covert (level 8, -1/67 HPs)
             Began as a Gnoll Delver on Apr 29, 2021.
             Slain by a water moccasin (8 damage)
             ... on level 5 of the Dungeon.
             The game lasted 00:07:05 (4856 turns).

flotson the Covert (Gnoll Delver)                   Turns: 4856, Time: 00:07:06

Health: -1/67      AC:  8    Str: 14    XL:     8   Next: 14%
Magic:  12/12      EV:  8    Int:  9    God:
Gold:   77         SH: 13    Dex: 20    Spells: 13/13 levels left

rFire    . . .     SeeInvis .   a - +1 dagger (chaos)
rCold    + . .     Faith    .   s - +0 tower shield
rNeg     . . .     Spirit   .   E - +0 scale mail
rPois    .         Reflect  .   w - +1 hat
rElec    .         Harm     .   C - +0 cloak
rCorr    .         Rampage  .   (no gloves)
Will     .....                  (no boots)
Stlth    +++.......             (no amulet)
HPRegen  0.21/turn              A - ring of protection from cold
MPRegen  0.13/turn              k - +6 ring of dexterity

@: lethally poisoned (-1 -> -33), hasted, very quick
A: fangs 1, strong nose, distributed training
a: no special abilities


You were on level 5 of the Dungeon.
You visited 1 branch of the dungeon, and saw 5 of its levels.

You collected 122 gold pieces.
You spent 45 gold pieces at shops.

Inventory:

Hand Weapons
 a - a +1 dagger of chaos (weapon)
 b - a +0 hunting sling
Missiles
 n - 26 stones
 r - 7 boomerangs
 z - 4 javelins (quivered)
Armour
 s - a +0 tower shield (worn)
 w - a +1 hat (worn)
 C - a +0 cloak (worn)
 E - a +0 scale mail (worn)
Jewellery
 j - a +6 ring of intelligence
 k - a +6 ring of dexterity (right hand)
 A - a ring of protection from cold (left hand)
Wands
 g - a wand of digging (3)
Scrolls
 c - a scroll of fog
 d - a scroll of magic mapping
 e - a scroll of fear
 i - 3 scrolls of blinking {unknown}
 p - 5 scrolls of identify {unknown}
 q - a scroll of holy word {unknown}
 x - a scroll of summoning {unknown}
 y - 4 scrolls of immolation {unknown}
 F - a scroll of brand weapon {unknown}
Potions
 f - a potion of haste
 h - a potion of berserk rage {unknown}
 l - a potion of curing {unknown}
 m - a potion of degeneration {unknown}
 o - 2 potions of lignification {unknown}
 t - a potion of might
 u - a potion of resistance {unknown}
 v - 3 potions of ambrosia {unknown}
 B - 3 potions of heal wounds
 D - 2 potions of flight {unknown}


   Skills:
 + Level 7.2 Fighting
 + Level 3.0 Short Blades
 + Level 3.0 Long Blades
 + Level 3.0 Axes
 + Level 3.0 Maces & Flails
 + Level 5.5 Polearms
 + Level 3.0 Staves
 + Level 3.0 Slings
 + Level 3.0 Bows
 + Level 3.0 Crossbows
 + Level 3.0 Throwing
 + Level 3.0 Armour
 + Level 5.5 Dodging
 + Level 10.0 Stealth
 + Level 3.0 Shields
 + Level 3.0 Unarmed Combat
 + Level 3.0 Spellcasting
 + Level 2.4 Conjurations
 + Level 2.4 Hexes
 + Level 2.4 Summonings
 + Level 2.4 Necromancy
 + Level 2.4 Translocations
 + Level 2.4 Transmutations
 + Level 2.4 Fire Magic
 + Level 2.4 Ice Magic
 + Level 2.4 Air Magic
 + Level 2.4 Earth Magic
 + Level 2.4 Poison Magic
 + Level 3.3 Invocations
 + Level 3.0 Evocations


You had 13 spell levels left.
You didn't know any spells.
Your spell library was empty.

Dungeon Overview and Level Annotations

Branches:
Dungeon (5/15)
 Temple: D:4-7

Altars:
Makhleb
Vehumet
Xom

Shops:
D:1 [


Innate Abilities, Weirdness & Mutations

You have very sharp teeth.
Your uncanny sense of smell can sniff out nearby items.
Your experience applies equally to all skills.


Message History

You feel sick.
* * * LOW HITPOINT WARNING * * *
You feel sick.
Found 9 gold pieces.
It was a potion of heal wounds.
You feel much better.
You feel sick. The water moccasin closely misses you.
The water moccasin bites you but does no damage.
You hit the water moccasin. You bite the water moccasin.
The water moccasin is moderately wounded.
You feel sick. The water moccasin barely misses you.
You block the water moccasin's attack.
You hit the water moccasin but do no damage.
You bite the water moccasin.
The water moccasin is moderately wounded.
You feel sick. You block the water moccasin's attack.
The water moccasin barely misses you.
You hit the water moccasin.
You feel better.
The water moccasin is moderately wounded.
You feel sick. The water moccasin bites you.
You block the water moccasin's attack. x2
The water moccasin bites you but does no damage.
You barely miss the water moccasin.
The water moccasin is moderately wounded.
You feel sick. You block the water moccasin's attack.
The water moccasin completely misses you.
You hit the water moccasin.
The water moccasin is heavily wounded.
You feel sick. The water moccasin bites you.
* * * LOW HITPOINT WARNING * * *
You are lethally poisoned!
The water moccasin poisons you! You block the water moccasin's attack.
You hit the water moccasin.
The water moccasin is heavily wounded.
* * * LOW HITPOINT WARNING * * *
You feel very sick. The water moccasin bites you.
* * * LOW HITPOINT WARNING * * *
You are more poisoned.
The water moccasin poisons you! The water moccasin bites you!
You die...

...... ....... ........ #.##.. $
.........##...... ....(..
###.#..#.. #)......##
............##.#.####.......#
..#...............##........#
........................)..##
......................)..###
.........................#####
...............S@....<)......####
..........#....S.....)..........#
.##.......#............#........#
.##.###...............###.......#
............................##.##
.#....##..............#.....####
.#....................###..####
.......................###.##.###
........................#..#..#..


You could see 2 water moccasins.

Vanquished Creatures
  Pikel (D:4)
  2 ogres (D:4)
  A crimson imp (D:3)
  A centaur skeleton (D:3)
  A bullfrog skeleton (D:5)
  A scorpion zombie (D:5)
  6 gnolls
  10 adders
  2 dart slugs
  2 orcs
  6 endoplasms
  A giant cockroach (D:3)
  2 goblins
  8 hobgoblins
  11 jackals
  6 quokkas
  8 bats
  A frilled lizard (D:1)
  8 kobolds
  2 rats (D:2)
80 creatures vanquished.

Notes
Turn   | Place    | Note
-------+----------+-------------------------------------------
     0 | D:5      | Reached skill level 9 in Stealth
     0 | D:5      | flotson the Gnoll Delver began the quest for the Orb.
     0 | D:5      | Reached XP level 1. HP: 23/23 MP: 1/1
    38 | D:5      | Reached XP level 2. HP: 13/29 MP: 2/2
    38 | D:5      | Reached XP level 3. HP: 16/35 MP: 3/3
   218 | D:5      | Noticed an ogre
   222 | D:5      | Noticed a water moccasin
   521 | D:4      | Reached skill level 1 in Invocations
   576 | D:4      | Noticed an ogre
   657 | D:4      | Noticed a lemure
   657 | D:4      | Noticed a lemure
   657 | D:4      | Noticed a lemure
   709 | D:3      | Found a radiant altar of Vehumet.
   717 | D:3      | Reached skill level 1 in Short Blades
   717 | D:3      | Reached skill level 1 in Long Blades
   717 | D:3      | Reached skill level 1 in Axes
   717 | D:3      | Reached skill level 1 in Maces & Flails
   717 | D:3      | Reached skill level 1 in Staves
   717 | D:3      | Reached skill level 1 in Slings
   717 | D:3      | Reached skill level 1 in Bows
   717 | D:3      | Reached skill level 1 in Crossbows
   717 | D:3      | Reached skill level 1 in Throwing
   717 | D:3      | Reached skill level 1 in Armour
   717 | D:3      | Reached skill level 1 in Shields
   717 | D:3      | Reached skill level 1 in Unarmed Combat
   717 | D:3      | Reached skill level 1 in Spellcasting
   717 | D:3      | Reached skill level 1 in Evocations
   717 | D:3      | Reached XP level 4. HP: 36/41 MP: 5/5
   963 | D:2      | Reached skill level 1 in Conjurations
   963 | D:2      | Reached skill level 1 in Hexes
   963 | D:2      | Reached skill level 1 in Summonings
   963 | D:2      | Reached skill level 1 in Necromancy
   963 | D:2      | Reached skill level 1 in Translocations
   963 | D:2      | Reached skill level 1 in Transmutations
   963 | D:2      | Reached skill level 1 in Fire Magic
   963 | D:2      | Reached skill level 1 in Ice Magic
   963 | D:2      | Reached skill level 1 in Air Magic
   963 | D:2      | Reached skill level 1 in Earth Magic
   963 | D:2      | Reached skill level 1 in Poison Magic
  1232 | D:2      | Found a faded altar of an unknown god.
  1460 | D:2      | Reached XP level 5. HP: 38/47 MP: 6/6
  1932 | D:1      | Found Letyshre's Armour Shop.
  3147 | D:3      | Found a burning altar of Makhleb.
  3147 | D:3      | Found a shimmering altar of Xom.
  3257 | D:1      | Bought a +0 tower shield for 45 gold pieces
  3433 | D:4      | Reached XP level 6. HP: 53/53 MP: 8/8
  3519 | D:4      | Noticed Pikel
  3714 | D:4      | Killed Pikel
  3715 | D:4      | Reached skill level 5 in Polearms
  3715 | D:4      | Reached skill level 5 in Dodging
  3715 | D:4      | Reached XP level 7. HP: 25/60 MP: 8/10
  4617 | D:5      | Reached skill level 10 in Stealth
  4628 | D:4      | Reached XP level 8. HP: 51/67 MP: 12/12
  4856 | D:5      | Slain by a water moccasin

Illustrated notes

Levels and vault maps discovered:
D:1:      lightli_arrival_statuegarden, layout_basic, serial_shops, shop,
          minmay_pentomino_z2
D:2:      layout_loops_cross, ebering_ecumenical_altar_box
D:3:      layout_basic, grunt_temple_overflow_champion_of_chaos,
          nicolae_vehumet_altar_sigil
D:4:      layout_loops_ring, uniq_pikel
D:5:      layout_cave_pools

Skill      XL: |  1  2  3  4  5  6  7  8 |
---------------+-------------------------+-----
Stealth        | 10 | 10.0
Invocations    | 1 2 3 |  3.3
Short Blades   | 1 2 3 |  3.0
Long Blades    | 1 2 3 |  3.0
Axes           | 1 2 3 |  3.0
Maces & Flails | 1 2 3 |  3.0
Staves         | 1 2 3 |  3.0
Slings         | 1 2 3 |  3.0
Bows           | 1 2 3 |  3.0
Crossbows      | 1 2 3 |  3.0
Throwing       | 1 2 3 |  3.0
Armour         | 1 2 3 |  3.0
Shields        | 1 2 3 |  3.0
Unarmed Combat | 1 2 3 |  3.0
Spellcasting   | 1 2 3 |  3.0
Evocations     | 1 2 3 |  3.0
Conjurations   | 1 2 |  2.4
Hexes          | 1 2 |  2.4
Summonings     | 1 2 |  2.4
Necromancy     | 1 2 |  2.4
Translocations | 1 2 |  2.4
Transmutations | 1 2 |  2.4
Fire Magic     | 1 2 |  2.4
Ice Magic      | 1 2 |  2.4
Air Magic      | 1 2 |  2.4
Earth Magic    | 1 2 |  2.4
Poison Magic   | 1 2 |  2.4
Fighting       | 7 |  7.2
Polearms       | 5 |  5.5
Dodging        | 5 |  5.5

Action                   |  1- 3 |  4- 6 |  7- 9 || total
-------------------------+-------+-------+-------++-------
Melee: Spear             |    45 |       |       ||    45
       Bite              |     5 |     6 |    13 ||    24
       Trident           |    22 |    57 |       ||    79
       Bardiche          |       |    55 |       ||    55
       Dagger            |       |    19 |    83 ||   102
 Fire: Hunting sling     |       |    12 |       ||    12
Throw: Javelin           |       |       |     1 ||     1
  Use: Potion            |       |       |     2 ||     2
 Stab: Sleeping          |     2 |    16 |     2 ||    20
       Distracted        |       |       |     1 ||     1
Armor: Leather armour    |    20 |     8 |       ||    28
       Scale mail        |       |    26 |    24 ||    50
Dodge: Dodged            |    64 |    72 |    21 ||   157
Block: Tower shield      |       |    18 |    69 ||    87

Table legend: (Time is in decaauts)
 A = Elapsed time spent in this place.
 B = Non-inter-level travel time spent in this place.
 C = Inter-level travel time spent in this place.
 D = Time resting spent in this place.
 E = Time spent auto-exploring this place.
 F = Levels seen in this place.
 G = Mean time per level.
                   A        B        C        D        E       F      G
               +--------+--------+--------+--------+--------+-----+--------+
         Total |   4930 |   4618 |    312 |    416 |   3290 |   5 |  986.0 |
       Dungeon |   4930 |   4618 |    312 |    416 |   3290 |   5 |  986.0 |
               +--------+--------+--------+--------+--------+-----+--------+

Top non-repeatable levels by time:
     D:4: 1770 daAuts
     D:2: 1240 daAuts
     D:1: 910 daAuts
     D:3: 594 daAuts
     D:5: 415 daAuts
